Map: 莱瑞拉克之冠

Players

AvengedFenix

  • Race: Zerg Zerg
  • League: Platinum

shengy - Winner!

  • Race: Zerg Zerg
  • League: Platinum

VOD

Have the link to the VOD?

Description

Time

  • Played on: Jan. 1, 2016, 8:25 p.m.
  • Length: 6:01
Show
View Real Time Build Order
Export as new Build Order

AvengedFenix Zerg 

Build Orders: Pool First 

Get SALT Encoding   

  12  0:01  Drone  
  13  0:14  Overlord  
  13  0:23  Drone  
  14  0:33  Drone x2  
  16  0:39  Drone  
  17  0:47  Drone  
  18  0:54  Spawning Pool  
  17  1:12  Hatchery  
  17  1:16  Drone  
  17  1:19  Extractor  
  17  1:23  Drone  
  17  1:26  Drone  
  17  1:32  Drone  
  19  1:43  Drone  
  19  1:44  Queen  
  22  1:55  Overlord  
  22  2:14  Zergling x2  
  22  2:15  Zergling x2  
  24  2:20  Queen  
  26  2:23  Overlord  
  26  2:26  Queen  
  26  2:28  Drone  
  29  2:35  Drone  
  29  2:36  Drone  
  31  2:45  Drone  
  31  2:48  Metabolic Boost  
  32  2:57  Drone x2  
  32  2:58  Drone x2  
  36  3:05  Zergling x4  
  36  3:10  Spine Crawler  
  35  3:13  Drone x2  
  37  3:21  Baneling Nest, Drone  
  37  3:25  Drone  
  37  3:26  Drone x3  
  41  3:32  Drone  
  42  3:41  Zergling x4  
  44  3:44  Overlord x2  
  44  3:56  Evolution Chamber  
  43  4:05  Drone x2  
  43  4:07  Lair  
  43  4:08  Roach Warren  
  43  4:09  Extractor  
  43  4:10  Extractor  
  43  4:15  Zergling x16  
  46  4:20  Zergling x4  
  19  4:41  Zergling x2  
  19  4:42  Zergling x8  
  16  5:02  Zergling x2  
  16  5:03  Zergling x4  
Show
View Real Time Build Order
Export as new Build Order

shengy Zerg - Winner!

Build Orders: Hatch First, Zergling Baneling 

Get SALT Encoding   

  12  0:01  Drone  
  13  0:08  Drone  
  14  0:17  Overlord  
  14  0:28  Drone, Extractor  
  14  0:35  Drone x2  
  17  0:45  Drone  
  18  0:57  Hatchery  
  18  1:00  Drone  
  18  1:05  Drone  
  18  1:08  Extractor  
  18  1:19  Spawning Pool  
  18  1:21  Drone  
  18  1:27  Drone  
  19  1:40  Overlord  
  19  1:56  Drone  
  20  2:09  Queen  
  20  2:10  Metabolic Boost  
  20  2:11  Queen  
  20  2:13  Zergling x4  
  26  2:25  Zergling x6  
  29  2:36  Zergling x2  
  31  2:37  Zergling x2  
  31  2:41  Overlord  
  31  2:51  Zergling x2  
  32  2:55  Baneling Nest, Drone  
  33  2:58  Zergling x2  
  33  3:11  Zergling x2  
  33  3:12  Zergling x2  
  35  3:28  Zergling x16  
  43  3:39  Baneling x4  
  43  3:41  Overlord  
  43  3:43  Zergling x2  
  44  3:59  Overlord  
  43  4:13  Baneling  
  43  4:14  Baneling x3  
  39  4:23  Baneling x3  
  37  4:25  Zergling x2  
  37  4:26  Zergling x12  
  37  4:29  Zergling x4  
  37  4:30  Zergling x4  
  42  4:41  Zergling x6  
  42  4:44  Baneling x2  
  40  4:55  Baneling x2  
  36  5:24  Zergling x18  
  36  5:30  Baneling x4  
Tags
 
Add a new tag
Caveats
  • Supply blocks, unpowered buildings, or Contaminate may cause inaccurate times.
  • Supply counts are checked every 10 seconds.